 Dungeon Crawl Stone Soup version 0.21-a0-88-g13b9641 (webtiles) character file.

1525 HAL9000 the Basher (level 8, -4/80 HPs)
             Began as an Ogre Hunter on June 26, 2017.
             Slain by a hornet zombie (11 damage)
             ... on level 5 of the Dungeon.
             The game lasted 00:09:05 (7057 turns).

HAL9000 the Basher (Ogre Hunter)                    Turns: 7057, Time: 00:09:06

Health: -4/80      AC:  3    Str: 19    XL:     8   Next: 84%
Magic:  8/8        EV: 10    Int: 12    God:
Gold:   186        SH:  0    Dex:  9    Spells: 7/7 levels left

rFire    . . .     SeeInvis .   x - +0 flail (drain)
rCold    . . .     Gourm    .   (no shield)
rNeg     . . .     Faith    .   b - +0 robe
rPois    .         Spirit   .   (helmet restricted)
rElec    .         Reflect  .   (no cloak)
rCorr    .         Harm     .   (gloves unavailable)
MR       .....                  (boots unavailable)
Stlth    +.........             (no amulet)
HPRegen  0.23/turn              (no ring)
MPRegen  0.11/turn              (no ring)

@: no status effects
A: unfitting armour, tough skin 1
a: no special abilities


You were on level 5 of the Dungeon.
You were not hungry.

You visited 1 branch of the dungeon, and saw 5 of its levels.

You collected 186 gold pieces.

Inventory:

Hand Weapons
 x - a +0 flail of draining (weapon)
 y - a +0 giant spiked club
Missiles
 c - 4 large rocks (quivered)
 d - 2 throwing nets
Armour
 b - a +0 robe (worn)
Scrolls
 k - 3 scrolls of identify {unknown}
 l - a scroll of blinking {unknown}
 p - a scroll of magic mapping {unknown}
 r - 2 scrolls of recharging {unknown}
 w - a scroll of enchant weapon {unknown}
 A - a scroll of remove curse {unknown}
Potions
 j - a potion of brilliance
 t - 2 potions of curing
 v - a potion of haste {unknown}
 z - a potion of invisibility {unknown}
Books
 u - a book of Misfortune

   Spells                             Type                      Level
   a - Confusing Touch                Hexes                        1
   b - Confuse                        Hexes                        3
   c - Gell's Gravitas                Translocation                3
   d - Petrify                        Transmutation/Earth          4
   e - Metabolic Englaciation         Hexes/Ice                    5
   f - Yara's Violent Unravelling     Hexes/Transmutation          5
Comestibles
 f - 4 bread rations
 h - 3 royal jellies
 i - 4 meat rations
 B - 3 chunks of flesh


   Skills:
 - Level 5.0 Fighting
 + Level 9.3 Maces & Flails
 - Level 4.0 Throwing
 - Level 1.7 Dodging
 - Level 0.6 Stealth
 - Level 0.1 Unarmed Combat


You had 7 spell levels left.
You didn't know any spells.

Dungeon Overview and Level Annotations

Branches:
Dungeon (5/15)
 Temple: D:4-7

Altars:
Ashenzari
Fedhas
Gozag
Qazlal
Ru
Vehumet
Yredelemnul

Shops:
D:4 :


Innate Abilities, Weirdness & Mutations

You are too large for most types of armour.
You have tough skin. (AC +1)


Message History

You are no longer poisoned.
A hornet zombie comes into view.
A hornet zombie is nearby!
The hornet zombie hits you!
You barely miss the hornet zombie. The hornet zombie barely misses you.
You barely miss the hornet zombie. The hornet zombie hits you!
A jackal comes into view.
You sock the hornet zombie!
The hornet zombie is moderately damaged.
The hornet zombie hits you!
You hit the hornet zombie.
The hornet zombie is moderately damaged.
The hornet zombie hits you!
* * * LOW HITPOINT WARNING * * *
The hornet zombie hits you!
* * * LOW HITPOINT WARNING * * *
You hit the hornet zombie.
The hornet zombie is moderately damaged.
The hornet zombie hits you!
You die...

....#.# #.#
#.# ####..#.##
#.# #.#
#........###.#
#.....##.#
#........#
#.....#### #
##...##
#.#.#####.##
#..hZ@....#
....?.#######
#####


You could see a hornet zombie and a jackal.

Vanquished Creatures
  An ice beast (D:5)
  3 ogres (D:4)
  A gnoll sergeant (D:5)
  8 scorpions
  A bullfrog zombie (D:5)
  2 orc priests (D:4)
  3 hounds
  A jelly (D:5)
  A centaur skeleton (D:5)
  An orc wizard (D:4)
  6 worker ants
  6 gnolls
  A howler monkey skeleton (D:3)
  15 adders
  An ooze (D:1)
  2 worms
  3 dart slugs
  2 leopard geckos
  9 orcs (D:4)
  A ball python (D:2)
  20 bats
  A giant cockroach (D:3)
  6 goblins
  5 hobgoblins
  10 jackals
  7 kobolds
  3 quokkas
  7 frilled lizards
  A jackal skeleton (D:4)
  6 rats
134 creatures vanquished.

Notes
Turn   | Place    | Note
-------+----------+-------------------------------------------
     0 | D:1      | HAL9000 the Ogre Hunter began the quest for the Orb.
     0 | D:1      | Reached XP level 1. HP: 22/22 MP: 1/1
    44 | D:1      | Reached XP level 2. HP: 10/32 MP: 2/2
   475 | D:1      | Reached XP level 3. HP: 35/40 MP: 3/3
   740 | D:1      | Reached skill level 5 in Fighting
  1214 | D:2      | Reached skill level 1 in Maces & Flails
  1214 | D:2      | Reached XP level 4. HP: 23/50 MP: 4/4
  1681 | D:2      | Reached skill level 2 in Maces & Flails
  2168 | D:2      | Reached XP level 5. HP: 53/57 MP: 5/5
  2191 | D:2      | Found a basalt altar of Yredelemnul.
  2718 | D:3      | Found a shattered altar of Ashenzari.
  2721 | D:3      | Found a blossoming altar of Fedhas.
  2724 | D:3      | Found a radiant altar of Vehumet.
  2833 | D:3      | Reached skill level 3 in Maces & Flails
  3378 | D:3      | Found an opulent altar of Gozag.
  3862 | D:4      | Reached skill level 4 in Maces & Flails
  3862 | D:4      | Reached XP level 6. HP: 51/66 MP: 6/6
  4032 | D:4      | Found Amnom's Book Shop.
  4125 | D:4      | Found a sacrificial altar of Ru.
  4638 | D:4      | Reached skill level 5 in Maces & Flails
  4639 | D:4      | Reached XP level 7. HP: 59/72 MP: 7/7
  4740 | D:4      | Reached skill level 6 in Maces & Flails
  5118 | D:4      | Reached skill level 7 in Maces & Flails
  5417 | D:4      | Reached XP level 8. HP: 39/80 MP: 8/8
  5772 | D:4      | Found a stormy altar of Qazlal.
  5855 | D:4      | Reached skill level 8 in Maces & Flails
  5970 | D:5      | Entered Level 5 of the Dungeon
  6802 | D:5      | Reached skill level 9 in Maces & Flails
  7057 | D:5      | Slain by a hornet zombie

Vault maps used:
D:1:      dpeg_arrival_short_road, corexii_corridor_pit
D:2:      nicolae_overflow_crystal_walls, kennysheep_generic_room_6
D:3:      lemuel_round_altar, grunt_temple_overflow_diamond
D:4:      old_forge, lemuel_crystal_altar, nicolae_overflow_hidden_temple,
          enter_ossuary_5, first_bread, serial_shops, shop
D:5:      kennysheep_generic_room_9

Skill      XL: |  1  2  3  4  5  6  7  8 |
---------------+-------------------------+-----
Fighting       | 3 4 5 |  5.0
Maces & Flails | 1 2 4 5 7 9 |  9.3
Throwing       | |  4.0
Dodging        | |  1.7
Stealth        | |  0.6
Unarmed Combat | |  0.1

Action                   |  1- 3 |  4- 6 |  7- 9 || total
-------------------------+-------+-------+-------++-------
Melee: Short sword       |    94 |       |       ||    94
       Flail             |    24 |   219 |   172 ||   415
Throw: Large rock        |     3 |     6 |     7 ||    16
       Throwing net      |       |     1 |       ||     1
  Use: Potion            |       |       |     6 ||     6
 Stab: Sleeping          |     1 |       |       ||     1
       Held in net/web   |       |     1 |       ||     1
  Eat: Chunk             |       |    12 |     8 ||    20
Armor: Robe              |    63 |    88 |    43 ||   194
Dodge: Dodged            |    96 |   188 |   102 ||   386
